 Dungeon Crawl Stone Soup version 0.18.1-6-gd335043 (webtiles) character file.

4936 kae the Destroyer (level 10, -3/58 HPs)
             Began as a Tengu Fire Elementalist on May 15, 2016.
             Was a Priest of Vehumet.
             Slain by a wight
             ... wielding a +2 halberd
              (11 damage)
             ... on level 10 of the Dungeon.
             The game lasted 00:22:01 (10570 turns).

kae the Destroyer (Tengu Fire Elementalist)        Turns: 10570, Time: 00:22:02

Health: -3/58      AC:  8    Str:  8    XL:     10   Next: 52%
Magic:  20/20      EV: 12    Int: 25    God:    Vehumet [***...]
Gold:   556        SH:  0    Dex: 14    Spells: 6 memorised, 4 levels left

rFire  . . .     SeeInvis +     v - +2 dagger (venom)
rCold  . . .     Gourm    .     a - +0 robe
rNeg   . . .     Faith    .     (no shield)
rPois  .         Spirit   .     (helmet restricted)
rElec  .         Dismiss  .     i - +2 cloak
rCorr  .         Reflect  .     e - +2 pair of gloves
SustAt .         Harm     .     (boots unavailable)
MR     .....                    k - amulet of regeneration
Stlth  ++........               B - ring of see invisible
                                q - +5 ring of intelligence

@: fainting, drained, not resistant to hostile enchantments, unstealthy
A: beak, talons 3, able to fly 1
a: Fly, Renounce Religion


You were on level 10 of the Dungeon.
You worshipped Vehumet.
Vehumet was most pleased with you.
You were fainting.

You visited 2 branches of the dungeon, and saw 11 of its levels.

You collected 556 gold pieces.

Inventory:

Hand Weapons
 v - a +2 dagger of venom (weapon)
 D - a +2 vampiric trident
Armour
 a - a +0 robe (worn)
 e - a +2 pair of gloves (worn)
 i - a +2 cloak (worn)
Jewellery
 k - an amulet of regeneration (around neck)
 q - a +5 ring of intelligence (left hand)
 u - an uncursed amulet of harm
 B - a ring of see invisible (right hand)
 I - a +2 ring of evasion
Wands
 r - a wand of lightning (0/15)
 w - a wand of heal wounds (3/9)
 A - a wand of enslavement (7/24)
 C - a wand of slowing (23/48)
 F - a wand of iceblast (8/15)
Scrolls
 h - 2 scrolls of fear
 m - 3 scrolls of teleportation
 G - 2 scrolls of remove curse
Potions
 d - 2 potions of flight
 g - a potion of heal wounds
 j - 2 potions of degeneration {unknown}
 l - a potion of beneficial mutation {unknown}
 o - 3 potions of brilliance
 s - 2 potions of curing {unknown}
 x - a potion of cure mutation {unknown}
 z - a potion of lignification {unknown}
 H - a potion of resistance {unknown}
Books
 b - a book of Flames

   Spells                             Type                      Level
   a - Flame Tongue                   Conjuration/Fire             1
   b - Throw Flame                    Conjuration/Fire             2
   c - Conjure Flame                  Conjuration/Fire             3
   d - Inner Flame                    Hexes/Fire                   3
   e - Sticky Flame                   Conjuration/Fire             4
   f - Fireball                       Conjuration/Fire             5
 p - a book of the Earth

   Spells                             Type                      Level
   a - Leda's Liquefaction            Hexes/Earth                  4
   b - Bolt of Magma                  Conjuration/Fire/Earth       5
   c - Statue Form                    Transmutation/Earth          6
   d - Iron Shot                      Conjuration/Earth            6
   e - Shatter                        Earth                        9
 J - a book of Spatial Translocations

   Spells                             Type                      Level
   a - Apportation                    Translocation                1
   b - Blink                          Translocation                2
   c - Shroud of Golubria             Charms/Translocation         2
   d - Portal Projectile              Translocation                3
   e - Teleport Other                 Translocation                3
   f - Passage of Golubria            Translocation                4
Comestibles
 c - 11 bread rations
 f - 4 beef jerkies
 n - a fruit
 t - 5 meat rations
 E - 9 slices of pizza


   Skills:
 + Level 4.4(3.9) Fighting
 - Level 2.1(1.6) Dodging
 - Level 2.0(1.4) Stealth
 + Level 6.0(5.5) Spellcasting
 * Level 11.8(11.1) Conjurations
 * Level 10.5(9.9) Fire Magic


You had 4 spell levels left.
You knew the following spells:

 Your Spells              Type           Power        Failure   Level  Hunger
a - Flame Tongue          Conj/Fire      #####        1%          1    None
b - Throw Flame           Conj/Fire      ######       1%          2    None
c - Conjure Flame         Conj/Fire      ######..     1%          3    #......
d - Sticky Flame          Conj/Fire      ######..     1%          4    ###....
e - Fireball              Conj/Fire      ######....   1%          5    #####..
f - Throw Frost           Conj/Ice       ####..       1%          2    None


Dungeon Overview and Level Annotations

Branches:
Dungeon (10/15)            Temple (1/1) D:7             Orc (0/2) D:9
   Lair: D:8-11

Altars:
Ashenzari
Cheibriados
Dithmenos
Elyvilon
Fedhas
Gozag
Kikubaaqudgha
Makhleb
Nemelex Xobeh
Okawaru
Pakellas
Qazlal
Ru
Sif Muna
Trog
Vehumet
Xom
Yredelemnul
Zin
The Shining One


Innate Abilities, Weirdness & Mutations

You have a beak for a mouth.
You have claws for feet.
You can fly.


Message History

The wight barely misses you.
The hound skeleton bites you but does no damage.
The wight hits you but does no damage. The shadow hits you.
* * * LOW HITPOINT WARNING * * *
The hound skeleton barely misses you. The hungry ghost completely misses you.
The wight hits you but does no damage. The shadow hits you.
The hound skeleton bites you but does no damage.
The wight hits you from afar with an enchanted halberd.
* * * LOW HITPOINT WARNING * * *
You feel drained.
* * * LOW HITPOINT WARNING * * *
The hungry ghost hits you.
You feel slightly more hungry. The wight hits you but does no damage.
The shadow hits you.
* * * LOW HITPOINT WARNING * * *
The hound skeleton bites you but does no damage.
You can move again.
Unknown command.
The hungry ghost closely misses you.
The wight hits you from afar with an enchanted halberd!
You die...

.########## .#
..........# .#
..........# .#
..........#### .#
###........#.######.#
..##########........#
.................zz.#
................WWZ.#
.............<..@...#
.....##.............#
.....##.............#
)........>..........#
#####################


You could see a hungry ghost, a shadow, 2 wights and a hound skeleton.

Vanquished Creatures
  Grinder (D:6)
  2 trolls (D:9)
  A spriggan (D:8)
  A wraith (D:10)
  Grum (D:8)
  A water moccasin (D:7)
  6 orc warriors
  A wasp (D:8)
  A sky beast (D:5)
  A phantom (D:7)
  2 ice beasts
  A necrophage (D:6)
  2 ogres
  A black bear (D:9)
  3 wolves (D:8)
  2 centaurs
  A crocodile (D:7)
  2 elf zombies (D:8)
  2 elf skeletons (D:8)
  A water moccasin skeleton (D:8)
  3 scorpions
  A howler monkey (D:4)
  3 crimson imps
  8 hounds
  3 orc priests
  3 jellies
  A human skeleton (D:8)
  3 iguanas
  13 orc wizards
  3 worker ants
  A hound zombie (D:8)
  A howler monkey skeleton (D:4)
  5 gnolls
  9 adders
  3 shadow imps
  3 adder skeletons
  An adder zombie (D:8)
  2 worms
  5 dart slugs
  6 giant geckos
  56 orcs
  2 bats
  5 giant cockroaches
  6 goblins
  6 hobgoblins
  14 jackals
  5 kobolds
  4 quokkas
  A ball python skeleton (D:5)
  A giant cockroach zombie (D:6)
  A giant gecko skeleton (D:4)
  7 giant newts
  A jackal skeleton (D:5)
  An orc skeleton (D:8)
  8 rats
228 creatures vanquished.

Notes
Turn   | Place    | Note
--------------------------------------------------------------
     0 | D:1      | kae the Tengu Fire Elementalist began the quest for the Orb.
     0 | D:1      | Reached XP level 1. HP: 10/10 MP: 4/4
    43 | D:1      | Reached skill level 2 in Conjurations
    51 | D:1      | Reached XP level 2. HP: 15/15 MP: 1/6
   953 | D:1      | Reached XP level 3. HP: 19/19 MP: 4/7
  1720 | D:2      | Reached skill level 3 in Conjurations
  1831 | D:3      | Learned a level 2 spell: Throw Flame
  1835 | D:3      | Learned a level 3 spell: Conjure Flame
  1864 | D:3      | Reached XP level 4. HP: 24/24 MP: 6/8
  2749 | D:3      | Gained mutation: You can fly. [Tengu growth]
  2749 | D:3      | Reached XP level 5. HP: 28/28 MP: 8/10
  2978 | D:3      | Reached skill level 4 in Conjurations
  3080 | D:4      | Reached skill level 5 in Fire Magic
  3108 | D:4      | Reached XP level 6. HP: 30/32 MP: 0/11
  3293 | D:4      | Found a white marble altar of Elyvilon.
  3324 | D:4      | Reached skill level 5 in Conjurations
  3387 | D:4      | Learned a level 4 spell: Sticky Flame
  3668 | D:4      | Reached skill level 6 in Conjurations
  3668 | D:4      | Reached XP level 7. HP: 36/36 MP: 0/13
  3905 | D:5      | Entered Level 5 of the Dungeon
  4043 | D:5      | Found a snail-covered altar of Cheibriados.
  4367 | D:5      | Reached skill level 7 in Conjurations
  4929 | D:6      | Reached XP level 8. HP: 23/41 MP: 7/14
  5261 | D:6      | Noticed Grinder
  5261 | D:6      | Paralysed by Grinder for 6 turns
  5300 | D:6      | Killed Grinder
  5300 | D:6      | Reached skill level 8 in Conjurations
  5971 | D:7      | Found an iron altar of Okawaru.
  6006 | D:7      | Found a shattered altar of Ashenzari.
  6006 | D:7      | Found a stormy altar of Qazlal.
  6062 | D:7      | Found a staircase to the Ecumenical Temple.
  6080 | D:7      | Found a deep blue altar of Sif Muna.
  6088 | D:7      | Reached skill level 1 in Fighting
  6103 | Temple   | Entered the Ecumenical Temple
  6185 | Temple   | Became a worshipper of Vehumet
  6666 | D:7      | Reached skill level 9 in Conjurations
  6666 | D:7      | Reached XP level 9. HP: 48/48 MP: 8/16
  7175 | D:8      | Reached * piety under Vehumet
  7175 | D:8      | Offered knowledge of Magic Dart by Vehumet.
  7446 | D:8      | Noticed Grum
  7644 | D:7      | Reached skill level 5 in Spellcasting
  7644 | D:7      | Reached skill level 10 in Conjurations
  8160 | D:8      | Noticed a moth of wrath
  8163 | D:8      | Found a bloodstained altar of Trog.
  8390 | D:8      | Found an ancient bone altar of Kikubaaqudgha.
  8393 | D:8      | Found an opulent altar of Gozag.
  8397 | D:8      | Found a shimmering altar of Xom.
  8742 | D:8      | Reached ** piety under Vehumet
  8861 | D:8      | Reached skill level 11 in Conjurations
  8884 | D:8      | Offered knowledge of Throw Frost by Vehumet.
  8884 | D:8      | Reached XP level 10. HP: 56/56 MP: 13/19
  8922 | D:8      | Learned a level 5 spell: Fireball
  8925 | D:8      | Learned a level 2 spell: Throw Frost
  8966 | D:8      | Noticed a cyclops
  9139 | D:8      | Killed Grum
  9300 | D:9      | Reached skill level 10 in Fire Magic
  9656 | D:9      | Found a staircase to the Orcish Mines.
  9998 | D:9      | Offered knowledge of Dazzling Spray by Vehumet.
 10126 | D:9      | Reached *** piety under Vehumet
 10433 | D:10     | Entered Level 10 of the Dungeon
 10562 | D:10     | Paralysed by fainting for 8 turns
 10570 | D:10     | Slain by a wight

Skill      XL: |  1  2  3  4  5  6  7  8  9 10 |
---------------+-------------------------------+-----
Conjurations   | 2 3 4 6 7 9 11 | 11.8
Fire Magic     | 4 5 6 7 8 9 10 | 10.5
Spellcasting   | 3 4 5 6 |  6.0
Fighting       | 2 3 4 |  4.4
Dodging        | |  2.1
Stealth        | |  2.0

Action                   |  1- 3 |  4- 6 |  7- 9 | 10-12 || total
-------------------------+-------+-------+-------+-------++-------
Melee: Unarmed           |    12 |    39 |   117 |       ||   168
       Kick              |     3 |     6 |    29 |    18 ||    56
       Peck              |     2 |     9 |    26 |    12 ||    49
       Dagger            |       |       |    41 |    79 ||   120
 Cast: Flame Tongue      |    61 |   100 |   256 |    70 ||   487
       Throw Flame       |       |     9 |    13 |     8 ||    30
       Sticky Flame      |       |     1 |    15 |     7 ||    23
       Conjure Flame     |       |       |     2 |     1 ||     3
       Throw Frost       |       |       |       |     6 ||     6
       Fireball          |       |       |       |     2 ||     2
Evoke: Wand              |       |       |     3 |       ||     3
  Use: Scroll            |     5 |     5 |     4 |     4 ||    18
       Potion            |       |       |       |     3 ||     3
 Stab: Distracted        |     1 |       |       |       ||     1
       Sleeping          |       |       |       |     1 ||     1
  Eat: Chunk             |     3 |     6 |    16 |     7 ||    32
       Fruit             |       |       |     1 |       ||     1
       Pizza             |       |       |     1 |       ||     1
Armor: Robe              |     5 |    39 |   105 |    56 ||   205
Dodge: Dodged            |    31 |    62 |   156 |    66 ||   315
